AoeStats
← Samaia92

Arabia

507864792Analyzed
1v1 RM · 14d ago on Sep 20, 2026· 48m 28s· 2 players
Game mode
Random Map
Map size
Tiny (2 player)
Population
200
Speed
Normal
Resources
Standard
Victory
Conquest
Starting age
Dark Age
Ending age
Imperial Age
RankedLock teamsTeams togetherTeam positionsShared explorationLock speedFull tech treeHidden civsTurbo modeCheats
Victory
Defeat
🇺🇸 Italians · United States
535
+18
🇨🇴 Burgundians · Colombia
570
-18
Samaia92
9:29 Loom
11:15 Feudal Age
12:50 Double-Bit Axe
12:58 Gold Mining
17:25 Fletching
22:26 Castle Age
23:44 Thumb Ring
24:15 Horse Collar
24:14 Pikeman
27:59 Bow Saw
27:53 Heavy Plow
28:49 Squires
30:27 Wheelbarrow
30:03 Stone Mining
31:31 Forging
36:01 Imperial Age
34:35 Scale Mail Armor
34:34 Bodkin Arrow
35:15 Iron Casting
36:23 Padded Archer Armor
37:17 Chain Mail Armor
37:03 Bracer
37:51 Crop Rotation
38:23 Two-Man Saw
41:59 Blast Furnace
41:30 Plate Mail Armor
42:49 Heated Shot
45:28 Chemistry
45:29 Hand Cart
Jugador08479147
5:51 Double-Bit Axe
12:43 Feudal Age
12:55 Wheelbarrow
12:32 Horse Collar
13:54 Bow Saw
22:21 Man-at-Arms
28:24 Castle Age
27:08 Stone Mining
27:12 Gold Mining
29:06 Hand Cart
28:50 Light Cavalry
30:01 Long Swordsman
31:42 Stone Shaft Mining
34:23 Cavalier
37:50 Two-Man Saw
44:44 Imperial Age
46:03 Imperial Age
48:09 Chemistry
47:30 Ballistics
47:17 Two-Handed Swordsman
47:37 Paladin
Connection lost

Rejoining the realm…

Still unreachable

The connection could not be restored.

Session expired

The server has moved on; the page needs a fresh start.